 Dungeon Crawl Stone Soup version 0.32-a0-705-g60f233581c (webtiles) character file.

Game seed: 144678579584017610

6306 Chimkentus the Covert (level 10, -15/49 HPs)
             Began as a Spriggan Enchanter on Mar 14, 2024.
             Was a Believer of Sif Muna.
             Demolished by Gastronok (33 damage)
             ... on level 8 of the Dungeon.
             The game lasted 01:22:43 (10665 turns).

Chimkentus the Covert (Spriggan Enchanter)         Turns: 10665, Time: 01:22:44

Health: -15/49     AC:  3    Str:  2    XL:     10   Next: 63%
Magic:  4/19       EV: 18    Int: 19    God:    Sif Muna [**....]
Gold:   578        SH:  8    Dex: 24    Spells: 4/19 levels left

rFire   . . .        D - +1 dagger (venom)
rCold   + . .        n - +2 buckler {rC+}
rNeg    . . .        b - +0 robe
rPois   +            (helmet restricted)
rElec   .            m - +0 cloak
rCorr   .            (gloves unavailable)
SInv    +            (boots unavailable)
Will    .....        (no amulet)
Stlth   +++++        p - ring of poison resistance
HPRegen 0.28/turn    (no ring)
MPRegen 0.16/turn

%: no passive effects
@: brilliant, weak-willed, hasted, studying Shields, very quick
A: very small, no large weapons, unfitting armour, see invisible, speed 3, agile
2
a: Renounce Religion, Channel Magic


You were on level 8 of the Dungeon.
You worshipped Sif Muna.
Sif Muna was pleased with you.
You visited 2 branches of the dungeon, and saw 10 of its levels.

You collected 578 gold pieces.

Inventory:

Hand Weapons
 a - a +1 dagger of protection
 d - a +1 vampiric short sword
 s - a +0 sling of draining
 D - a +1 dagger of venom (weapon)
 F - a +1 dagger of chaos
 H - a +5 falchion of freezing
Missiles
 g - 9 boomerangs
 u - 33 poisoned darts
Armour
 b - a +0 robe (worn)
 m - a +0 cloak (worn)
 n - a +2 buckler of cold resistance (worn)
 C - a +0 troll leather armour
Jewellery
 j - a ring of willpower
 p - a ring of poison resistance (left hand)
Scrolls
 e - 2 scrolls of immolation
 f - 4 scrolls of torment
 h - 4 scrolls of teleportation
 o - a scroll of enchant armour {unknown}
 q - a scroll of blinking {unknown}
 t - a scroll of poison
 w - 2 scrolls of vulnerability
 y - a scroll of noise {unknown}
 B - a scroll of fog {unknown}
 E - a scroll of enchant weapon {unknown}
Potions
 c - 3 potions of invisibility
 i - a potion of haste
 k - a potion of curing
 r - 2 potions of cancellation
 v - 2 potions of attraction
 x - a potion of mutation
 A - 2 potions of lignification


   Skills:
 + Level 3.0 Fighting
 + Level 4.7 Short Blades
 + Level 3.0 Ranged Weapons
 + Level 1.3 Throwing
 + Level 0.1 Armour
 + Level 4.3 Dodging
 + Level 9.5 Stealth
 + Level 2.9 Shields
 - Level 5.4 Spellcasting
 + Level 0.4 Conjurations
 * Level 9.3 Hexes
 + Level 3.9 Summonings
 * Level 4.0 Translocations
 + Level 3.4 Ice Magic
 * Level 3.7 Earth Magic
 * Level 4.7 Invocations
 + Level 1.8 Evocations


You had 4 spell levels left.
You knew the following spells:

 Your Spells              Type           Power      Damage    Failure   Level
a - Ensorcelled Hibernat  Hex/Ice        88%        N/A       3%          2
b - Call Canine Familiar  Summ           30%        N/A       16%         3
c - Dazzling Flash        Conj/Hex       70%        N/A       11%         3
d - Passwall              Erth           28%        N/A       19%         3
e - Dimensional Bullseye  Hex/Tloc       23%        N/A       17%         4

Your spell library contained the following spells:

 Spells                   Type           Power      Damage    Failure   Level
 Confusing Touch          Hex            57%        N/A       1%          3
 Tukima's Dance           Hex            57%        N/A       1%          3
 Summon Small Mammal      Summ           100%       N/A       5%          1
 Foxfire                  Conj/Fire      36%        2x1d5     24%         1
 Mephitic Cloud           Conj/Alch/Air  8%         N/A       58%         3
 Swiftness                Air            7%         N/A       63%         3
 Iskenderun's Mystic Bla  Conj/Tloc      20%        2d6       71%         4
 Summon Blazeheart Golem  Fire/Summ      19%        N/A       75%         4
 Silence                  Hex/Air        17%        N/A       73%         5
 Curse of Agony           Necr           7%         N/A       100%        5
 Plasma Beam              Fire/Air       3%         2x1d13    100%        6
 Starburst                Conj/Fire      4%         6d4       100%        6


Dungeon Overview and Level Annotations

Branches:
Dungeon (9/15)             Temple (1/1) D:6             Orc (0/2) D:9
   Lair: D:8-11

Altars:
Ashenzari
Cheibriados
Dithmenos
Elyvilon
Fedhas
Gozag
Hepliaklqana
Kikubaaqudgha
Makhleb
Nemelex Xobeh
Okawaru
Qazlal
Ru
Sif Muna
Uskayaw
Vehumet
Wu Jian
Xom
Yredelemnul
Zin
The Shining One

Shops:
D:6 (   D:9 :

Annotations:
D:8 Gastronok
D:9 exclusions: death knight, deep elf pyromancer and tengu warrior, Erolcha


Innate Abilities, Weirdness & Mutations

You are very small and have problems with some larger weapons.
You are too small for most types of armour.
You have supernaturally acute eyesight. (SInv)
You cover ground extremely quickly. (Speed+++)
You are very agile. (Dex +8, Str/Int -2)


Message History

Gastronok struggles to breathe.
Gastronok seems to slow down.
Gastronok is heavily wounded.
You block the quokka's attack. The rat closely misses you.
The river rat bites you.
You hit Gastronok.
Gastronok looks as sick as possible!
Gastronok is heavily wounded.
You block the quokka's attack. You block the rat's attack.
The river rat misses you.
You hit Gastronok.
Gastronok looks as sick as possible!
Gastronok is heavily wounded.
Gastronok bites you!!
Ouch! That really hurt!
* * * LOW HITPOINT WARNING * * *
The quokka closely misses you.
Unknown command.
You aren't carrying any items that you can evoke.
Unknown command.
You feel better. You block the river rat's attack. You block the rat's attack.
It was a potion of brilliance.
You feel clever all of a sudden. You block the quokka's attack.
Casting: Ensorcelled Hibernation (safe; 3% risk of failure)
Confirm with . or Enter, or press ? or * to list all spells.
Casting: Dazzling Flash (dangerous; 11% risk of failure)
Press: ? - help, Dir - look around, f - activate You feel a surge of power!
The river rat is dazzled.
The rat is dazzled.
The quokka is dazzled.
The quokka completely misses you. You block the rat's attack.
You block the river rat's attack.
Unknown command.
Casting: Dazzling Flash (dangerous; 11% risk of failure)
Confirm with . or Enter, or press ? or * to list all spells.
Casting: Dazzling Flash (dangerous; 11% risk of failure)
Press: ? - help, Dir - look around, f - activate You feel a surge of power!
The river rat is dazzled.
The quokka is dazzled.
The quokka bites you but does no damage.
The river rat barely misses you. You block the rat's attack.
Gastronok bites you!!
Ouch! That really hurt!
You die...
Gastronok gurgles, "Let's see if you taste as good as that wizard did."

#.........## #####....
###..####.# ####.....
#.......####........
#####.###..#...........
##.............#..##....
#.......####...#####....
#......##......# #.....
##.#..r.......## #.....
##...r@......#####.....
##..wr.....#........##
##........#...#.##..#
#.............####..#
#........##..####...#
.............#.###.##
....#......##....##.##
...###......#.....#..##
....##..#..##.#.


You could see Gastronok (extremely poisoned, slow, weak-willed), a river rat
(summoned, blind, unable to see you), a quokka (summoned, blind, unable to see
you) and a rat (summoned, blind, unable to see you).

Vanquished Creatures
  Maurice (D:7)
  The ghost of gosagan the Cutter, a novice OpBr of Vehumet (D:7)
  2 trolls (D:9)
  Psyche (D:9)
  Prince Ribbit (D:8)
  A slime creature (D:9)
  3 wyverns
  An orc warrior (D:9)
  3 black bears (D:5)
  A nameless horror (D:7)
  An ice beast (D:5)
  3 ogres (D:6)
  4 centaurs
  3 lemures
  2 kobold brigands (D:9)
  3 scorpions
  5 wights
  A jelly (D:7)
  4 howler monkeys
  2 electric eels (D:8)
  A bombardier beetle (D:5)
  2 hounds
  A gnoll bouda (D:7)
  4 iguanas
  4 orc priests
  5 orc wizards
  11 gnolls
  6 adders
  A shadow imp (D:5)
  A white imp (D:5)
  3 dart slugs
  A ribbon worm (D:5)
  19 orcs
  6 endoplasms
  3 giant cockroaches
  3 goblins
  8 hobgoblins
  2 quokkas
  3 ball pythons
  4 bats
  4 frilled lizards
  14 kobolds
  A rat (D:2)
150 creatures vanquished.

Vanquished Creatures (collateral kills)
  Pikel (D:8)
  A kobold demonologist (D:8)
  A steam dragon (D:8)
  An orc warrior (D:8)
  A lemure (D:8)
  A kobold brigand (D:8)
  A gnoll sergeant (D:8)
  8 wights (D:8)
  A nameless horror (D:7)
  An orc priest (D:8)
  A gnoll (D:7)
  2 white imps
  An orc (D:8)
  6 kobolds
27 creatures vanquished.

Grand Total: 177 creatures vanquished

Notes
Turn   | Place    | Note
-------+----------+-------------------------------------------
     0 | D:1      | Chimkentus the Spriggan Enchanter began the quest for the
                  | Orb.
     0 | D:1      | Reached XP level 1. HP: 9/9 MP: 5/5
   188 | D:1      | Reached XP level 2. HP: 13/13 MP: 6/6
   201 | D:1      | Learned a level 2 spell: Ensorcelled Hibernation
  1181 | D:2      | Found a glowing golden altar of the Shining One.
  1272 | D:2      | Reached XP level 3. HP: 16/16 MP: 8/8
  1276 | D:2      | Learned a level 3 spell: Call Canine Familiar
  1722 | D:2      | Found a faded altar of an unknown god.
  2196 | D:3      | Gained mutation: You are frail. (-10% HP) [potion of
                  | mutation]
  2217 | D:3      | Reached XP level 4. HP: 18/18 MP: 3/9
  2882 | D:4      | Found a broken altar of Ashenzari.
  3048 | D:4      | Reached skill level 1 in Summonings
  3061 | D:4      | Reached skill level 1 in Ice Magic
  3061 | D:4      | Reached XP level 5. HP: 21/21 MP: 7/10
  3092 | D:4      | Reached skill level 5 in Hexes
  3428 | D:5      | Entered Level 5 of the Dungeon
  3437 | D:5      | Noticed a black bear
  3439 | D:5      | Reached XP level 6. HP: 25/25 MP: 12/12
  3773 | D:5      | Noticed an ice beast
  3783 | D:5      | Killed an ice beast
  3784 | D:5      | Reached XP level 7. HP: 21/28 MP: 12/14
  3968 | D:5      | Noticed a wyvern
  3973 | D:5      | Identified a scroll of acquirement
  3974 | D:5      | Acquired a manual of Shields
  4008 | D:5      | Lost mutation: You are frail. (-10% HP) [potion of
                  | mutation]
  4008 | D:5      | Gained mutation: You are dopey. (Int -2) [potion of
                  | mutation]
  4008 | D:5      | Gained mutation: You are strong-willed. (Will+) [potion of
                  | mutation]
  4047 | D:5      | Killed a wyvern
  4048 | D:5      | Reached skill level 1 in Fighting
  4048 | D:5      | Reached skill level 5 in Stealth
  4048 | D:5      | Reached skill level 1 in Evocations
  4115 | D:5      | Reached skill level 1 in Shields
  4320 | D:5      | Reached skill level 1 in Throwing
  4320 | D:5      | Reached XP level 8. HP: 37/37 MP: 12/16
  4554 | D:6      | You fall into a shaft and drop 2 floors!
  4566 | D:8      | Reached skill level 5 in Spellcasting
  4590 | D:7      | Noticed Maurice
  4593 | D:7      | Killed Maurice
  4649 | D:7      | Found a runed translucent door.
  4649 | D:7      | Noticed gosagan's ghost (novice OpBr)
  4738 | D:7      | Found a radiant altar of Vehumet.
  4902 | D:7      | Noticed a nameless horror
  5266 | D:6      | Found a staircase to the Ecumenical Temple.
  5275 | Temple   | Entered the Ecumenical Temple
  5347 | Temple   | Became a worshipper of Sif Muna the Loreminder
  5439 | D:6      | Reached skill level 1 in Invocations
  5712 | D:6      | Reached XP level 9. HP: 43/43 MP: 11/18
  5716 | D:6      | Learned a level 3 spell: Dazzling Flash
  6173 | D:6      | Found an ornate altar of the Wu Jian Council.
  6204 | D:6      | Found Xistresh's Weapon Emporium.
  6676 | D:7      | Learned a level 3 spell: Passwall
  7358 | D:7      | Killed gosagan's ghost
  7359 | D:7      | Reached skill level 1 in Ranged Weapons
  7505 | D:8      | Noticed Pikel
  7564 | D:8      | Noticed Gastronok
  7614 | D:9      | Reached skill level 1 in Earth Magic
  7807 | D:9      | Noticed a troll
  7810 | D:9      | Killed a troll
  7881 | D:9      | Found a shadowy altar of Dithmenos.
  7925 | D:9      | Reached * piety under Sif Muna
  7951 | D:9      | Found a staircase to the Orcish Mines.
  7964 | D:9      | Noticed a death knight
  7964 | D:9      | Noticed a deep elf pyromancer
  7964 | D:9      | Noticed a tengu warrior
  8049 | D:9      | Noticed a troll
  8112 | D:9      | Killed a troll
  8267 | D:9      | Found Egeoweck's Self-Improvement Boutique.
  8418 | D:9      | Learned a level 4 spell: Dimensional Bullseye
  8508 | D:9      | Noticed Psyche
  8511 | D:9      | Killed Psyche
  8512 | D:9      | Reached XP level 10. HP: 48/48 MP: 19/19
  8592 | D:9      | Noticed Erolcha
  9060 | D:8      | Killed Pikel
  9061 | D:8      | Reached skill level 1 in Translocations
  9422 | D:8      | Reached ** piety under Sif Muna
  9719 | D:8      | Noticed Prince Ribbit
  9728 | D:8      | Killed Prince Ribbit
 10156 | D:8      | HP: 1/49 [Gastronok/the air (48)]
 10161 | D:8      | HP: 1/49 [Gastronok/the air (32)]
 10321 | D:8      | Lost mutation: You are dopey. (Int -2) [potion of mutation]
 10321 | D:8      | Lost mutation: You are strong-willed. (Will+) [potion of
                  | mutation]
 10321 | D:8      | Gained mutation: You are vulnerable to cold. (rC-) [potion
                  | of mutation]
 10321 | D:8      | Gained mutation: You have a pair of small horns on your
                  | head. [potion of mutation]
 10322 | D:8      | Lost mutation: You are vulnerable to cold. (rC-) [potion of
                  | mutation]
 10322 | D:8      | Lost mutation: You have a pair of small horns on your head.
                  | [potion of mutation]
 10322 | D:8      | Gained mutation: You are agile. (Dex +4, Str/Int -1)
                  | [potion of mutation]
 10322 | D:8      | Gained mutation: You are very agile. (Dex +8, Str/Int -2)
                  | [potion of mutation]
 10665 | D:8      | Demolished by Gastronok

Illustrated notes

Levels and vault maps discovered:
D:1:      dpeg_arrival_fog, layout_basic, dk_noncrumbling_2,
          corexii_leaking_fountain, dreamdust_princess_bridge,
          minmay_misc_feat_enclosed
D:2:      layout_basic, basic_altar, shapermc_ecumenical_altar_venn
D:3:      layout_basic
D:4:      nicolae_cairo_tiling, layout_rooms, mainiacjoe_overflow_alcove_4
D:5:      minmay_chambers_of_fours, layout_basic, patterned_corridor
D:6:      layout_basic, lemuel_coloured_pillars_altar,
          minmay_temple_entry_stoned_glass, serial_shops,
          nicolae_shop_pleasant_corner_grove
D:7:      layout_basic, mainiacjoe_overflow_small_starburst,
          hellmonk_ghost_happy_afterlife, uniq_maurice
D:8:      layout_cave_pools, kennysheep_dice, uniq_pikel, uniq_prince_ribbit1,
          uniq_gastronok
D:9:      minmay_shrinking_squares, layout_loops_cross,
          overflow_temple_1_default, orc_0_dummy, serial_aquarium,
          aquarium_bridge_island_small [aquarium_subvault_small_open,
          aquarium_subvault_bridge, aquarium_subvault_wall,
          aquarium_subvault_bridge, aquarium_subvault_wall],
          aquarium_bridge_square [aquarium_subvault_wall,
          aquarium_subvault_bridge, aquarium_subvault_wall,
          aquarium_subvault_balcony], aquarium_window_fake, aquarium_window_2,
          aquarium_window_1, aquarium_view_2b, aquarium_view_2b,
          aquarium_balcony_1b, aquarium_pool_S, hangedman_abyss_or_decor_clamps,
          nicolae_shop_self_help, uniq_erolcha, uniq_psyche
Temple:   minmay_temple_bridge_d

Skill      XL: |  1  2  3  4  5  6  7  8  9 10 |
---------------+-------------------------------+-----
Hexes          | 4 5 6 7 8 9 |  9.3
Dodging        | 3 4 |  4.3
Short Blades   | 2 3 4 |  4.7
Spellcasting   | 3 4 5 |  5.4
Summonings     | 1 2 3 |  3.9
Ice Magic      | 1 2 3 |  3.4
Fighting       | 1 2 3 |  3.0
Stealth        | 6 7 9 |  9.5
Evocations     | 1 |  1.8
Shields        | 1 2 |  2.9
Throwing       | 1 |  1.3
Invocations    | 1 3 4 |  4.7
Ranged Weapons | 2 3 |  3.0
Earth Magic    | 3 |  3.7
Translocations | 4 |  4.0
Armour         | |  0.1
Conjurations   | |  0.4

Action                     |  1- 3 |  4- 6 |  7- 9 | 10-12 || total
---------------------------+-------+-------+-------+-------++-------
  Melee: Dagger            |   107 |    55 |   169 |    69 ||   400
         Falchion          |       |       |       |    21 ||    21
   Fire: Sling             |       |       |    50 |    36 ||    86
  Throw: Boomerang         |       |     8 |       |     2 ||    10
         Dart              |       |       |    15 |     6 ||    21
   Cast: Ensorcelled Hiber |    11 |    23 |    63 |    30 ||   127
         Call Canine Famil |       |       |    12 |    11 ||    23
         Dazzling Flash    |       |       |     2 |    12 ||    14
  Evoke: Wand              |       |    18 |     5 |     3 ||    26
    Use: Potion            |     7 |       |     2 |     7 ||    16
         Scroll            |       |       |    13 |     5 ||    18
   Stab: Sleeping          |    18 |    19 |    42 |    15 ||    94
         Distracted        |       |     1 |     1 |       ||     2
         Invisible         |       |       |     3 |     1 ||     4
 Armour: Robe              |    34 |    18 |    69 |    25 ||   146
         Troll leather arm |       |       |       |    36 ||    36
  Dodge: Dodged            |    56 |    40 |   105 |    75 ||   276
  Block: Buckler           |     2 |    22 |    49 |    54 ||   127

Table legend: (Time is in decaauts)
 A = Elapsed time spent in this place.
 B = Non-inter-level travel time spent in this place.
 C = Inter-level travel time spent in this place.
 D = Time resting spent in this place.
 E = Time spent auto-exploring this place.
 F = Levels seen in this place.
 G = Mean time per level.
                   A        B        C        D        E       F      G
               +--------+--------+--------+--------+--------+-----+--------+
         Total |   7763 |   7114 |    649 |    522 |   4515 |  10 |  776.3 |
       Dungeon |   7675 |   7111 |    564 |    522 |   4515 |   9 |  852.8 |
        Temple |     88 |      3 |     85 |      0 |      0 |   1 |   88.0 |
               +--------+--------+--------+--------+--------+-----+--------+

Top non-repeatable levels by time:
     D:7: 1398 daAuts
     D:9: 1040 daAuts
     D:8: 1009 daAuts
     D:5: 960 daAuts
     D:6: 894 daAuts
     D:3: 706 daAuts
     D:2: 620 daAuts
     D:1: 597 daAuts
     D:4: 447 daAuts
  Temple: 88 daAuts
